 Dungeon Crawl Stone Soup version 0.26-a0-665-gefeb406119 (webtiles) character file.

Game seed: 17879634954909050110

36321 marklar909 the Basher (level 14, -5/108 HPs)
             Began as a Formicid Abyssal Knight on Oct 14, 2020.
             Was a High Priest of Lugonu.
             Killed from afar by an ice dragon (27 damage)
             ... with a blast of cold
             ... in an ice cave on Oct 15, 2020.
             The game lasted 01:01:20 (27477 turns).

marklar909 the Basher (Formicid Abyssal Knight)    Turns: 27477, Time: 01:01:20

Health: -5/108     AC: 12    Str: 27    XL:     14   Next: 23%
Magic:  20/20      EV: 14    Int: 13    God:    Lugonu [*****.]
Gold:   1221       SH:  5    Dex: 10    Spells: 7/15 levels left

rFire    . . .     SeeInvis +   O - +6 dire flail (elec)
rCold    + . .     Faith    .   x - +0 buckler {rPois}
rNeg     + . .     Spirit   .   y - +2 leather armour {rC+}
rPois    +         Reflect  .   (helmet unavailable)
rElec    .         Harm     .   F - +1 cloak
rCorr    .         Rampage  .   (no gloves)
MR       +....                  d - +2 pair of boots
Stlth    ++........             s - amulet of regeneration
HPRegen  0.68/turn              o - ring of positive energy
MPRegen  0.17/turn              K - +6 ring of strength

@: no status effects
A: permanent stasis, dig shafts and tunnels, four strong arms, antennae 3
a: Dig, Shaft Self, Depart the Abyss, Bend Space, Banish, Corrupt, Enter the
Abyss, Renounce Religion


You were in an ice cave.
You worshipped Lugonu.
Lugonu was extremely pleased with you.
You visited 2 branches of the dungeon, and saw 16 of its levels.
You visited the Abyss 1 time.
You also visited: Ice Cave.

You collected 1405 gold pieces.
You spent 184 gold pieces at shops.

Inventory:

Hand Weapons
 a - a +2 dire flail of draining
 b - a +0 flail of holy wrath
 M - a +2 antimagic morningstar
 O - a +6 dire flail of electrocution (weapon)
Missiles
 c - 46 poisoned darts (quivered)
 e - 4 boomerangs
 l - 459 stones
 I - 5 javelins
Armour
 d - a +2 pair of boots (worn)
 x - a +0 buckler of poison resistance (worn)
 y - a +2 leather armour of cold resistance (worn)
 F - a +1 cloak (worn)
 H - a +0 cloak of stealth
 L - +0 steam dragon scales
Jewellery
 o - a ring of positive energy (left hand)
 s - an amulet of regeneration (around neck)
 t - a +6 ring of intelligence
 u - an uncursed ring of resist corrosion
 C - an uncursed amulet of magic regeneration
 K - a +6 ring of strength (right hand)
Wands
 m - a wand of polymorph (34)
 A - a wand of random effects (41)
 D - a wand of digging (3)
 G - a wand of flame (8)
Scrolls
 f - 2 scrolls of fog
 h - a scroll of identify
 k - 16 scrolls of remove curse
 r - 3 scrolls of magic mapping
 P - a scroll of fear
Potions
 g - 5 potions of resistance
 i - a potion of heal wounds
 j - 2 potions of magic
 n - 2 potions of cancellation
 v - 5 potions of might
 w - 2 potions of flight
 z - 4 potions of curing
 B - 2 potions of stabbing {unknown}
 E - a potion of lignification {unknown}
 N - a potion of brilliance {unknown}


   Skills:
 * Level 9.5 Fighting
 * Level 13.4 Maces & Flails
 - Level 5.4 Throwing
 * Level 10.5 Armour
 * Level 6.0 Dodging
 + Level 3.5 Stealth
 + Level 6.7 Shields
 + Level 1.3 Spellcasting
 * Level 6.1 Hexes
 * Level 5.3 Earth Magic
 + Level 9.2 Invocations
 + Level 1.1 Evocations


You had 7 spell levels left.
You knew the following spells:

 Your Spells              Type           Power        Failure   Level
a - Sandblast             Erth           ##....       3%          1
b - Tukima's Dance        Hex            ###.....     8%          3
c - Cause Fear            Hex            ###.......   24%         4

Your spell library contained the following spells:

 Spells                   Type           Power        Failure   Level
 Summon Guardian Golem    Hex/Summ       #.......     26%         3
 Shock                    Conj/Air       #...         30%         1
 Sting                    Tmut/Pois      #...         30%         1
 Poisonous Vapours        Pois/Air       #.....       41%         2
 Conjure Flame            Conj/Fire      #.......     65%         3
 Ignite Poison            Fire/Tmut/Pois #.......     65%         3
 Mephitic Cloud           Conj/Pois/Air  #.......     65%         3
 Static Discharge         Conj/Air       #.......     65%         3
 Airstrike                Air            #.........   96%         4
 Olgreb's Toxic Radiance  Pois           #.......     96%         4
 Invisibility             Hex            ###.....     98%         6
 Lightning Bolt           Conj/Air       #.........   100%        5
 Freezing Cloud           Conj/Ice/Air   #.........   100%        6
 Swiftness                Air            Unusable     N/A         2

Dungeon Overview and Level Annotations

Branches:
Dungeon (12/15)            Temple (0/1) D:7            Lair (4/6) D:8
  Swamp (0/4) Lair:2       Spider (0/4) Lair:3          Orc (0/2) D:12
  IceCv (1/1)

Altars:
Cheibriados
Elyvilon
Kikubaaqudgha
Qazlal
Sif Muna
Trog
Yredelemnul
Zin
The Shining One

Shops:
D:4 [   D:8 *   D:11 [

Portals:
Abyss: D:3

Annotations:
D:3 2 transporters, GoodGuyCap's ghost, amateur OpMo


Innate Abilities, Weirdness & Mutations

You cannot be hasted, slowed, berserked, paralysed or teleported.
You can dig through walls and to a lower floor.
Your four strong arms can wield two-handed weapons with a shield.
You have a pair of large antennae on your head. (SInv)


Message History

You barely miss the ice dragon.
The ice dragon is almost dead.
Unknown command.
Okay, then.
Evoke which item? (* to show all) (? for menu, Esc to quit)
Okay, then.
Evoke which item? (* to show all) (? for menu, Esc to quit)
Okay, then.
You feel much better. The ice dragon bites you.
The ice dragon closely misses you. You block the ice dragon's attack.
You puncture the ice dragon!
The ice dragon is almost dead.
The ice dragon breathes frost at you. The blast of cold hits you!! You resist.
* * * LOW HITPOINT WARNING * * *
You barely miss the ice dragon.
The ice dragon is almost dead.
The ice dragon breathes frost at you. The blast of cold hits you!! You resist.
You die...

..######
#......##
####....##
####..## ###
#### ##..###.##
$$$# ##.#....#
$..$= #...##.#
....$ #####..###
......
#...##@###......
##.....D#.....#
####...[..#
########


You could see an ice dragon (catching breath).

Vanquished Creatures
  Gastronok (Lair:3)
  5 hydras
  A catoblepas (Lair:3)
  An ice dragon (IceCv)
  2 two-headed ogres
  An ugly thing (D:11)
  6 elephants
  2 black mambas
  2 torpor snails (Lair:3)
  2 ice statues (IceCv)
  9 cane toads
  2 gargoyles
  10 komodo dragons
  4 rime drakes
  A troll (D:9)
  A polar bear (Lair:2)
  Grinder (D:6)
  4 blink frogs
  Sigmund (D:6)
  A basilisk (Lair:1)
  2 wraiths
  25 yaks
  2 steam dragons
  9 water moccasins
  2 swamp worms (Lair:2)
  7 black bears
  2 hornet zombies
  17 ice beasts
  6 ogres
  4 sky beasts
  4 orc warriors
  4 phantoms
  An eye of draining (D:11)
  2 necrophages
  4 wolves (Lair:3)
  2 centaurs
  4 big kobolds
  21 bullfrogs
  A water moccasin zombie (D:9)
  A water moccasin skeleton (D:5)
  5 killer bees (D:12)
  A scorpion (D:9)
  15 wights
  5 howler monkeys
  3 bullfrog zombies
  A crimson imp (D:5)
  4 hounds
  4 jellies
  A quasit (D:9)
  3 centaur skeletons
  3 centaur zombies
  Crazy Yiuf (D:6)
  6 orc priests
  2 bullfrog skeletons
  A gnoll shaman (D:5)
  Terence (D:2)
  4 iguanas
  11 orc wizards
  7 worker ants
  3 hound zombies
  A hound skeleton (D:10)
  A worker ant zombie (D:9)
  12 gnolls
  14 adders
  2 shadow imps (D:8)
  3 white imps
  An ufetubus (D:7)
  4 oozes
  3 adder skeletons
  An adder zombie (D:9)
  7 worms
  A dart slug (D:1)
  6 leopard geckos
  26 orcs
  3 bats
  3 giant cockroaches
  8 goblins
  7 hobgoblins
  9 jackals
  2 quokkas
  2 ball pythons
  5 frilled lizards
  2 jackal skeletons
  18 kobolds
  A quokka zombie (D:7)
  10 rats
  A bush (Lair:3)
411 creatures vanquished.

Vanquished Creatures (others)
  2 bushes (Lair:3)
  68 fungi
  67 plants
137 creatures vanquished.

Grand Total: 548 creatures vanquished

Notes
Turn   | Place    | Note
-------+----------+-------------------------------------------
     0 | Abyss:1  | marklar909 the Formicid Abyssal Knight began the quest for
                  | the Orb.
     0 | Abyss:1  | Reached XP level 1. HP: 18/18 MP: 2/2
    36 | Abyss:1  | Noticed an eye of draining
    42 | Abyss:1  | Noticed a small abomination
    42 | Abyss:1  | Noticed a large abomination
    52 | Abyss:1  | Noticed a bone dragon
    53 | D:1      | Escaped the Abyss
   149 | D:1      | Reached XP level 2. HP: 18/25 MP: 3/3
   261 | D:1      | Reached * piety under Lugonu
   261 | D:1      | Reached XP level 3. HP: 16/30 MP: 4/4
   863 | D:2      | Reached skill level 3 in Maces & Flails
   871 | D:2      | Reached XP level 4. HP: 27/37 MP: 5/5
  1038 | D:2      | Found a stormy altar of Qazlal.
  1373 | D:2      | Reached skill level 1 in Shields
  1658 | D:2      | Reached XP level 5. HP: 42/42 MP: 6/6
  2453 | D:3      | Found a transporter.
  2453 | D:3      | Noticed a small abomination
  2468 | D:3      | Found a one-way gate to the infinite horrors of the Abyss.
  2468 | D:3      | Noticed GoodGuyCap's ghost (amateur OpMo)
  2472 | D:3      | Identified the +6 whip of Bankruptcy {distort, *Rage rC+
                  | Int+2 SInv}
  2522 | D:3      | Found a transporter.
  2701 | D:3      | Noticed Terence
  2759 | D:2      | Reached ** piety under Lugonu
  3118 | D:2      | Killed Terence
  3127 | D:3      | Reached skill level 1 in Throwing
  3229 | D:4      | Reached XP level 6. HP: 48/48 MP: 7/7
  3245 | D:3      | Reached skill level 4 in Maces & Flails
  3613 | D:4      | Reached skill level 1 in Dodging
  3713 | D:4      | Noticed an ogre
  4002 | D:4      | Found a glowing golden altar of the Shining One.
  4156 | D:4      | Killed an ogre
  4156 | D:4      | Reached XP level 7. HP: 40/55 MP: 8/8
  4518 | D:4      | Found Voitroqee's Armour Shop.
  4665 | D:4      | Bought a +0 buckler of poison resistance for 102 gold
                  | pieces
  4801 | D:4      | Found a basalt altar of Yredelemnul.
  4803 | D:4      | Noticed a profane servitor
  4995 | D:4      | Noticed an angel
  5033 | D:5      | Entered Level 5 of the Dungeon
  5256 | D:5      | Reached skill level 5 in Maces & Flails
  5999 | D:5      | Reached XP level 8. HP: 26/61 MP: 10/10
  6019 | D:5      | HP: 3/61 [gnoll/+0 flail (6)]
  6025 | D:5      | HP: 2/61 [poisoned by a gnoll]
  6548 | D:5      | Identified the Collected Works on the Mountains and
                  | Execration
  6626 | D:5      | HP: 3/61 [wight/+0 scimitar (3)]
  7093 | D:5      | Found a glowing silver altar of Zin.
  7203 | D:5      | Reached skill level 5 in Armour
  7287 | D:5      | Found a shimmering blue altar of Sif Muna.
  7658 | D:6      | Reached skill level 6 in Maces & Flails
  8017 | D:6      | Noticed Sigmund
  8031 | D:6      | Killed Sigmund
  8031 | D:6      | Reached XP level 9. HP: 56/67 MP: 12/12
  8727 | D:6      | Found an ancient bone altar of Kikubaaqudgha.
  8820 | D:6      | Reached skill level 1 in Evocations
  8905 | D:6      | Reached *** piety under Lugonu
  9419 | D:6      | Reached skill level 5 in Fighting
  9419 | D:6      | Reached skill level 7 in Maces & Flails
  9419 | D:6      | Reached skill level 5 in Invocations
  9861 | D:6      | Found a runed translucent door.
  9861 | D:6      | Noticed Grinder
  9862 | D:6      | Noticed Crazy Yiuf
 10453 | D:7      | Found a staircase to the Ecumenical Temple.
 11401 | D:7      | Reached XP level 10. HP: 59/73 MP: 12/14
 11974 | D:7      | Reached skill level 1 in Stealth
 12090 | D:7      | Reached skill level 8 in Maces & Flails
 12356 | D:6      | Killed Crazy Yiuf
 12375 | D:6      | Killed Grinder
 12375 | D:6      | Reached skill level 5 in Shields
 12673 | D:8      | Noticed a two-headed ogre
 12928 | D:8      | Noticed a komodo dragon
 12959 | D:8      | Killed a komodo dragon
 13219 | D:8      | Reached skill level 9 in Maces & Flails
 13423 | D:8      | Found a staircase to the Lair.
 13464 | D:8      | Killed a two-headed ogre
 13605 | D:8      | Reached **** piety under Lugonu
 13734 | D:8      | Reached XP level 11. HP: 79/80 MP: 15/15
 14222 | D:8      | Found Guylob's Assorted Antiques.
 14227 | D:8      | Bought a scroll of identify for 44 gold pieces
 14227 | D:8      | Bought a red potion for 19 gold pieces
 14227 | D:8      | Bought a red potion for 19 gold pieces
 14315 | D:8      | Found a white marble altar of Elyvilon.
 15303 | D:9      | Found a bloodstained altar of Trog.
 15320 | D:9      | Reached skill level 10 in Maces & Flails
 15648 | D:9      | Learned a level 1 spell: Sandblast
 15652 | D:9      | Learned a level 3 spell: Tukima's Dance
 15657 | D:9      | Learned a level 4 spell: Cause Fear
 15976 | D:10     | Entered Level 10 of the Dungeon
 16053 | D:10     | Reached skill level 5 in Throwing
 16797 | D:10     | Reached skill level 1 in Hexes
 17064 | D:11     | Noticed a deep elf mage
 17083 | D:11     | a deep elf mage changed into an eye of draining
 17567 | D:11     | Found Cheibriados's Comfort Zone.
 17569 | D:11     | Found a snail-covered altar of Cheibriados.
 17739 | D:11     | Noticed a purple ugly thing
 17749 | D:11     | Killed a purple ugly thing
 17749 | D:11     | Reached skill level 1 in Earth Magic
 17944 | D:11     | Noticed a manticore
 17950 | D:11     | Banished a manticore
 18059 | D:11     | Noticed a two-headed ogre
 18357 | D:11     | Reached skill level 1 in Spellcasting
 18434 | D:11     | Reached XP level 12. HP: 81/91 MP: 17/17
 19046 | D:11     | Killed a two-headed ogre
 19648 | D:12     | Found a staircase to the Orcish Mines.
 20845 | Lair:1   | Entered Level 1 of the Lair of Beasts
 20882 | Lair:1   | Noticed a five-headed hydra
 20892 | Lair:1   | Killed a five-headed hydra
 20892 | Lair:1   | Reached skill level 11 in Maces & Flails
 22691 | Lair:2   | Reached XP level 13. HP: 55/98 MP: 19/19
 22951 | Lair:2   | Reached skill level 5 in Dodging
 22967 | Lair:2   | Reached skill level 12 in Maces & Flails
 23662 | Lair:2   | Found a staircase to the Swamp.
 23662 | Lair:2   | Noticed a four-headed hydra
 23662 | Lair:2   | Noticed a five-headed hydra
 24251 | Lair:2   | Killed a five-headed hydra
 24251 | Lair:2   | Reached skill level 10 in Armour
 24544 | Lair:1   | Killed a four-headed hydra
 25349 | Lair:3   | Noticed a catoblepas
 25363 | Lair:3   | Killed a catoblepas
 25363 | Lair:3   | Reached skill level 5 in Hexes
 25907 | Lair:3   | Found a hole to the Spider Nest.
 26061 | Lair:3   | Noticed Gastronok
 26293 | Lair:3   | Killed Gastronok
 26307 | Lair:3   | Noticed a four-headed hydra
 26319 | Lair:3   | Killed a four-headed hydra
 26433 | Lair:3   | Reached ***** piety under Lugonu
 26902 | Lair:3   | Reached skill level 13 in Maces & Flails
 26948 | Lair:4   | Found a frozen archway.
 26953 | Lair:4   | Noticed a four-headed hydra
 26999 | Lair:3   | Killed a four-headed hydra
 26999 | Lair:3   | Reached XP level 14. HP: 66/108 MP: 20/20
 27120 | IceCv    | Entered an ice cave
 27132 | IceCv    | Reached skill level 5 in Earth Magic
 27477 | IceCv    | Killed from afar by an ice dragon

Illustrated notes

Levels and vault maps discovered:
D:1:      noname_arrival_rooms_in_the_neighbourhood, layout_rooms
D:2:      layout_basic, lemuel_crystal_altar, chequers_serial_rivers_marsh
D:3:      layout_basic, gammafunk_ghost_abyssal_escape, minmay_splitting_lines,
          uniq_terence
D:4:      layout_rooms, grunt_temple_overflow_holy_war, serial_shops, shop
D:5:      layout_basic, tgw_sif, nicolae_overflow_crystal_walls,
          minmay_fire_ice_demons
D:6:      layout_rooms, lemuel_coloured_pillars_altar, uniq_crazy_yiuf_cottage,
          uniq_sigmund, uniq_grinder
D:7:      minmay_the_grid_octo_tiled_squarecenter
          [minmay_the_grid_octo_fan_narrow, minmay_the_grid_octo_checkerflower,
          minmay_the_grid_octo_chip, minmay_the_grid_octo_clover_2,
          minmay_the_grid_square_5x5_megaprize_hollow,
          minmay_the_grid_square_5x5_checkered,
          minmay_the_grid_square_5x5_pentomino_r,
          minmay_the_grid_square_5x5_inner_i,
          minmay_the_grid_square_5x5_hourglass], layout_basic,
          minmay_temple_entry_stoned_glass
D:8:      cheibrodos_steamvent, layout_basic, elyvilon_altar_4,
          due_lair_maze_entry_diamond, serial_shops,
          nicolae_shop_overgrown_old_shop
D:9:      layout_cross, kennysheep_little_box
D:10:     layout_long_grid
D:11:     layout_loops_ring, minmay_shop_chei, grunt_decor_fettered,
          grunt_ogre_cave
D:12:     layout_stronghold, orc_0_dummy, gauntlet_entry_generic
Lair:1:   layout_regular_city, grunt_megastairs_4, infiniplex_staircase_pool_2,
          serial_bayou_shore_b
Lair:2:   layout_chaotic_city, palyth_hydra_swamp_entry, grunt_megastairs_5
Lair:3:   layout_misc_corridors, dummy_spider_entry, minivault_27, wad_woods_06,
          uniq_gastronok
Lair:4:   layout_loops_ring, serial_rivers, chequers_serial_rivers_small_a,
          chequers_serial_rivers_small_b, chequers_serial_rivers_marsh,
          chequers_serial_rivers_small_b, chequers_serial_rivers_micro_a,
          chequers_serial_rivers_large_a, portal_ice_cave_entry_pillars_1
IceCv:    ice_cave_small_dragons

Skill      XL: |  1  2  3  4  5  6  7  8  9 10 11 12 13 14 |
---------------+-------------------------------------------+-----
Fighting       | 4 5 6 7 8 9 |  9.5
Maces & Flails | 3 4 5 6 7 9 10 11 13 | 13.4
Shields        | 1 2 3 4 5 6 |  6.7
Armour         | 3 4 5 7 8 9 10 | 10.5
Throwing       | 1 2 3 4 5 |  5.4
Dodging        | 1 2 3 4 5 6 |  6.0
Invocations    | 3 4 5 6 7 8 9 |  9.2
Evocations     | 1 |  1.1
Stealth        | 1 2 3 |  3.5
Hexes          | 2 3 5 6 |  6.1
Earth Magic    | 1 3 4 5 |  5.3
Spellcasting   | 1 |  1.3

Action                   |  1- 3 |  4- 6 |  7- 9 | 10-12 | 13-15 || total
-------------------------+-------+-------+-------+-------+-------++-------
Melee: Mace              |    68 |   181 |   123 |   311 |       ||   683
       Flail             |       |       |   258 |   106 |       ||   364
       Whip              |       |       |   101 |   100 |       ||   201
       Dire flail        |       |       |       |   347 |   365 ||   712
Throw: Stone             |       |    96 |    10 |       |       ||   106
       Boomerang         |       |    23 |    45 |    13 |       ||    81
       Dart              |       |       |    41 |   335 |   118 ||   494
       Javelin           |       |       |       |       |     2 ||     2
Invok: Depart the Abyss  |     1 |       |       |       |       ||     1
       Bend Space        |       |       |     2 |       |     2 ||     4
       Banish            |       |       |       |     5 |       ||     5
 Abil: Dig               |       |       |     3 |     3 |     3 ||     9
Evoke: Wand              |       |       |    15 |     1 |     6 ||    22
  Use: Scroll            |       |       |     9 |     9 |     7 ||    25
       Potion            |       |       |     1 |     3 |     3 ||     7
 Stab: Sleeping          |       |       |       |     2 |     1 ||     3
       Distracted        |       |       |       |     1 |     1 ||     2
Armor: Leather armour    |    11 |       |     2 |    85 |    18 ||   116
       Scale mail        |    19 |    76 |   169 |       |       ||   264
       Steam dragon scal |       |       |       |   150 |    96 ||   246
Dodge: Dodged            |    45 |    83 |   207 |   440 |   183 ||   958
Block: Buckler           |       |       |    86 |   168 |    67 ||   321

Table legend: (Time is in decaauts)
 A = Elapsed time spent in this place.
 B = Non-inter-level travel time spent in this place.
 C = Inter-level travel time spent in this place.
 D = Time resting spent in this place.
 E = Time spent auto-exploring this place.
 F = Levels seen in this place.
 G = Mean time per level.
                   A        B        C        D        E       F      G
               +--------+--------+--------+--------+--------+-----+--------+
         Total |  27239 |  25507 |   1732 |   6700 |  13289 |  18 | 1513.3 |
       Dungeon |  20744 |  19284 |   1460 |   4755 |  10364 |  12 | 1728.7 |
          Lair |   6112 |   5840 |    272 |   1926 |   2701 |   4 | 1528.0 |
         Abyss |     53 |     53 |      0 |      0 |     35 |   1 |   53.0 |
      Ice Cave |    329 |    329 |      0 |     19 |    189 |   1 |  329.0 |
               +--------+--------+--------+--------+--------+-----+--------+

Top non-repeatable levels by time:
  Lair:2: 2935 daAuts
     D:6: 2839 daAuts
     D:8: 2408 daAuts
     D:5: 2265 daAuts
     D:4: 2075 daAuts
     D:3: 1766 daAuts
  Lair:1: 1738 daAuts
    D:12: 1575 daAuts
    D:10: 1573 daAuts
    D:11: 1571 daAuts
     D:7: 1552 daAuts
  Lair:3: 1392 daAuts
     D:2: 1385 daAuts
     D:9: 916 daAuts
     D:1: 813 daAuts
